 Dungeon Crawl Stone Soup version 0.28-a0-1080-g05a166d0ed (webtiles) character file.

Game seed: 171866842470890916

315 leviel the Skirmisher (level 6, -3/56 HPs)
             Began as a Hill Orc Fighter on Dec 9, 2021.
             Slain by a killer bee (4 damage)
             ... on level 4 of the Dungeon.
             The game lasted 00:04:38 (3393 turns).

leviel the Skirmisher (Hill Orc Fighter)            Turns: 3393, Time: 00:04:39

Health: -3/56      AC: 13    Str: 21    XL:     6   Next: 43%
Magic:  6/6        EV:  6    Int:  8    God:
Gold:   129        SH:  4    Dex: 10    Spells: 5/5 levels left

rFire   . . .      SeeInvis .   a - +2 long sword
rCold   . . .      Faith    .   c - +0 buckler
rNeg    . . .      Spirit   .   k - +1 plate armour
rPois   .          Reflect  .   (no helmet)
rElec   .          Harm     .   (no cloak)
rCorr   +          Rampage  .   (no gloves)
Will    .....                   (no boots)
Stlth   ..........              (no amulet)
HPRegen 0.18/turn               s - ring of resist corrosion
MPRegen 0.10/turn               (no ring)

@: lethally poisoned (-3 -> -9)
A: no striking features
a: no special abilities


You were on level 4 of the Dungeon.
You visited 1 branch of the dungeon, and saw 4 of its levels.

You collected 129 gold pieces.

Inventory:

Hand Weapons
 a - a +2 long sword (weapon)
Missiles
 b - 55 poisoned darts
 j - 6 javelins (quivered)
Armour
 c - a +0 buckler (worn)
 k - a +1 plate armour (worn)
Jewellery
 g - a ring of fire {rF+ rC-}
 s - a ring of resist corrosion (left hand)
Potions
 d - a potion of might
 e - 2 potions of curing
 h - 2 potions of brilliance {unknown}
 i - a potion of heal wounds {unknown}
 l - a potion of resistance {unknown}
 q - a potion of ambrosia {unknown}


   Skills:
 + Level 5.2 Fighting
 + Level 4.1 Long Blades
 + Level 4.6 Armour
 + Level 4.8 Shields


You had 5 spell levels left.
You didn't know any spells.
Your spell library was empty.

Dungeon Overview and Level Annotations

Branches:
Dungeon (4/15)
 Temple: D:4-7

Altars:


Message History

The killer bee barely misses you.
The killer bee stings you but does no damage.
You slash the killer bee!
The killer bee is heavily wounded.
You feel sick.
You are no longer poisoned.
The killer bee stings you but does no damage.
The killer bee stings you.
The killer bee stings you but does no damage. x3
A hobgoblin comes into view.
The killer bee stings you but does no damage.
You closely miss the killer bee.
The killer bee is heavily wounded.
The killer bee stings you but does no damage.
The killer bee completely misses you. The killer bee stings you. x2
You closely miss the killer bee.
The killer bee is heavily wounded.
The killer bee stings you. The killer bee completely misses you.
The killer bee closely misses you. The killer bee barely misses you.
The killer bee stings you.
* * * LOW HITPOINT WARNING * * *
You are poisoned.
The killer bee poisons you!
You slash the killer bee!
You kill the killer bee!
You feel sick. The killer bee stings you.
* * * LOW HITPOINT WARNING * * *
Your Long Blades skill increases to level 4!
You slash the killer bee!
The killer bee is heavily wounded.
You feel sick. The killer bee stings you.
* * * LOW HITPOINT WARNING * * *
The killer bee stings you but does no damage. x3
You feel better. The killer bee stings you!
* * * LOW HITPOINT WARNING * * *
The killer bee stings you.
* * * LOW HITPOINT WARNING * * *
You are lethally poisoned!
The killer bee poisons you! The killer bee stings you.
You die...

... ... ..# ... #.# .... .
#.# ..... .. #.##g.. ###.
#.#y. ##... #yy# .
#....###@##....
#...............
#......##.#...........###
###....# ##..............
##......### ..............
........#.# ..#....(......
#...#.....###.###.........
##..#..........##........#
####....(.#..##.........#


You could see 3 killer bees and a hobgoblin.

Vanquished Creatures
  The ghost of AmazingEquinox the Skirmisher, an amateur HOFi of Jiyva (D:3)
  A killer bee (D:4)
  A howler monkey (D:4)
  An iguana (D:4)
  2 adders
  3 worms
  An adder simulacrum (D:3)
  2 dart slugs
  5 orcs (D:3)
  6 ball pythons
  4 bats
  3 endoplasms
  5 giant cockroaches
  7 hobgoblins
  7 jackals
  7 kobolds
  5 quokkas
  A ball python simulacrum (D:3)
  A ball python skeleton (D:3)
  6 frilled lizards
  A giant cockroach simulacrum (D:3)
  5 goblins
  A quokka simulacrum (D:3)
  7 rats
83 creatures vanquished.

Notes
Turn   | Place    | Note
-------+----------+-------------------------------------------
     0 | D:1      | leviel the Hill Orc Fighter began the quest for the Orb.
     0 | D:1      | Reached XP level 1. HP: 19/19 MP: 1/1
   111 | D:1      | Reached XP level 2. HP: 22/27 MP: 2/2
   341 | D:1      | Reached skill level 4 in Fighting
   591 | D:1      | Reached XP level 3. HP: 33/33 MP: 3/3
  1331 | D:2      | Reached XP level 4. HP: 20/40 MP: 4/4
  2107 | D:3      | Found a runed translucent gate.
  2107 | D:3      | Found a runed translucent gate.
  2107 | D:3      | Found a runed translucent gate.
  2639 | D:3      | Noticed AmazingEquinox's ghost (amateur HOFi)
  3185 | D:3      | Killed AmazingEquinox's ghost
  3186 | D:3      | Reached XP level 5. HP: 47/47 MP: 5/5
  3292 | D:4      | Reached skill level 5 in Fighting
  3346 | D:4      | Reached XP level 6. HP: 56/56 MP: 6/6
  3393 | D:4      | HP: 1/56 [killer bee (4)]
  3393 | D:4      | Slain by a killer bee

Illustrated notes

Levels and vault maps discovered:
D:1:      grunt_arrival_crossed_arrows, layout_basic, minmay_misc_feat_rows,
          grunt_decor_one_mirror, minmay_misc_feat_pillars
D:2:      layout_loops_ring
D:3:      layout_loops_corners, gammafunk_ghost_icy,
          hangedman_abyss_or_decor_stabs, grunt_ministairs_1, st_stairs_1
D:4:      layout_cave_pools

Skill      XL: |  1  2  3  4  5  6 |
---------------+-------------------+-----
Fighting       | 4 5 |  5.2
Long Blades    | 3 4 |  4.1
Shields        | 4 |  4.8
Armour         | 4 |  4.6

Action                   |  1- 3 |  4- 6 || total
-------------------------+-------+-------++-------
Melee: Long sword        |   151 |   167 ||   318
  Use: Scroll            |       |     8 ||     8
       Potion            |       |     5 ||     5
Armor: Scale mail        |    27 |       ||    27
       Plate armour      |    76 |   131 ||   207
       Skin              |       |    14 ||    14
Dodge: Dodged            |    63 |    70 ||   133
Block: Buckler           |    46 |    44 ||    90

Table legend: (Time is in decaauts)
 A = Elapsed time spent in this place.
 B = Non-inter-level travel time spent in this place.
 C = Inter-level travel time spent in this place.
 D = Time resting spent in this place.
 E = Time spent auto-exploring this place.
 F = Levels seen in this place.
 G = Mean time per level.
                   A        B        C        D        E       F      G
               +--------+--------+--------+--------+--------+-----+--------+
         Total |   3501 |   3439 |     62 |    151 |   2547 |   4 |  875.2 |
       Dungeon |   3501 |   3439 |     62 |    151 |   2547 |   4 |  875.2 |
               +--------+--------+--------+--------+--------+-----+--------+

Top non-repeatable levels by time:
     D:3: 1498 daAuts
     D:2: 1004 daAuts
     D:1: 877 daAuts
     D:4: 121 daAuts
